 Dungeon Crawl Stone Soup version 0.26-a0-651-gb41185065b (webtiles) character file.

Game seed: 14945100385406214436

910 kae the Grappler (level 7, -6/52 HPs)
             Began as a Purple Draconian Transmuter on Oct 14, 2020.
             Mangled by an ogre
             ... wielding a +0 giant club
              (19 damage)
             ... on level 5 of the Dungeon.
             The game lasted 00:04:52 (4716 turns).

kae the Grappler (Purple Draconian Transmuter)      Turns: 4716, Time: 00:04:52

Health: -6/52      AC:  6    Str: 14    XL:     7   Next: 81%
Magic:  10/10      EV: 16    Int: 14    God:
Gold:   272        SH:  5    Dex: 13    Spells: 4/10 levels left

rFire    x x .     SeeInvis .   f - +4 trident
rCold    + . .     Faith    .   (no shield)
rNeg     . . .     Spirit   .   (armour unavailable)
rPois    .         Reflect  +   (helmet restricted)
rElec    .         Harm     .   (no cloak)
rCorr    .         Rampage  .   (no gloves)
MR       ++++.                  (no boots)
Stlth    ++........             i - amulet "Cugar" {Reflect rF- MR+++ Dex+2 SH+5 Stlth+}
HPRegen  0.17/turn              d - ring of ice
MPRegen  0.12/turn              g - +4 ring of evasion

@: short of breath
A: breathe power, unfitting armour, cold-blooded, AC +6
a: Breathe Dispelling Energy


You were on level 5 of the Dungeon.
You visited 1 branch of the dungeon, and saw 6 of its levels.

You collected 272 gold pieces.

Inventory:

Hand Weapons
 f - a +4 trident (weapon)
Jewellery
 d - a ring of ice (left hand)
 g - a +4 ring of evasion (right hand)
 i - the amulet "Cugar" (around neck) {Reflect rF- MR+++ Dex+2 SH+5 Stlth+}
   (You took it off an orc on level 4 of the Dungeon)

   [amulet of reflection]

   It shields you and reflects attacks.
   It affects your dexterity (+2).
   It makes you vulnerable to fire.
   It affects your resistance to hostile enchantments.
   It affects your SH (+5).
   It makes you more stealthy.
Wands
 p - a wand of random effects (12)
Scrolls
 e - 2 scrolls of remove curse
 j - a scroll of amnesia
 o - a scroll of enchant armour
Potions
 a - a potion of magic
 b - a potion of curing
 c - 2 potions of heal wounds
 h - a potion of mutation {unknown}
 k - 2 potions of berserk rage {unknown}
 l - 2 potions of brilliance {unknown}
 m - a potion of ambrosia {unknown}


   Skills:
 - Level 1.1 Fighting
 - Level 1.7 Dodging
 * Level 8.0 Unarmed Combat
 - Level 2.4 Spellcasting
 + Level 5.4 Transmutations


You had 4 spell levels left.
You knew the following spells:

 Your Spells              Type           Power        Failure   Level
a - Beastly Appendage     Tmut           ###...       2%          1
b - Wereblood             Tmut           ###.....     3%          2
c - Spider Form           Tmut/Pois      #.........   22%         3

Your spell library contained the following spells:

 Spells                   Type           Power        Failure   Level
 Ice Form                 Ice/Tmut       ##......     58%         4
 Blade Hands              Tmut           ###.......   56%         5


Dungeon Overview and Level Annotations

Branches:
Dungeon (6/15)
 Temple: D:4-7

Altars:
Fedhas
Gozag
Qazlal
Vehumet


Innate Abilities, Weirdness & Mutations

You can breathe bolts of dispelling energy.
Your rich purple scales are hard. (AC +6)
You cannot fit into any form of body armour.
You are cold-blooded and may be slowed by cold attacks.


Message History

The bolt of dispelling energy hits the ogre!
The ogre is moderately wounded.
You barely miss the ogre.
The ogre is moderately wounded.
The ogre closely misses you.
You barely miss the ogre. You tail-slap the ogre.
The ogre is moderately wounded.
The ogre closely misses you.
You barely miss the ogre.
The ogre is moderately wounded.
The ogre hits you with a +0 giant club!
You puncture the ogre!
The ogre is severely wounded.
The ogre hits you with a +0 giant club!
* * * LOW HITPOINT WARNING * * *
You hit the ogre.
You tail-slap the ogre, but do no damage.
The ogre is almost dead.
The ogre hits you with a +0 giant club!!
You die...

..................# #...........
..................# #...........
##..##...######..######...####...
##..##...##..##..#....########...
.....#...........'....# #.....
.....#...........#....# #.....
##.###.####..###'#O...###########
##.###.####'####O##'#............
.......#...รท...#@...#............
..>....#.......#....#.[..........
#..##..'......##....#............
##'##..##.....##....#####........
#..###'##...............#....####
........#...............#....#...
#..##...'...............#....+...
#..##..##.....##....##..#....#...
#..##[.##.....####+###..#....#...


You could see an ogre.

Vanquished Creatures
  Sigmund (D:2)
  A centaur (D:5)
  A bullfrog (D:5)
  2 scorpions (D:5)
  A howler monkey (D:5)
  A bullfrog zombie (D:5)
  3 orc priests (D:4)
  A jelly (D:6)
  2 orc wizards
  A worker ant (D:4)
  A killer bee zombie (D:5)
  A hound skeleton (D:4)
  7 gnolls
  4 adders
  2 white imps (D:5)
  An ooze (D:2)
  A worm (D:2)
  2 dart slugs
  2 leopard geckos
  10 orcs
  5 bats
  4 giant cockroaches
  4 goblins
  4 hobgoblins
  8 jackals
  6 kobolds
  3 quokkas
  A ball python (D:1)
  4 frilled lizards
  A jackal skeleton (D:4)
  A leopard gecko skeleton (D:4)
  A quokka skeleton (D:5)
  8 rats
95 creatures vanquished.

Notes
Turn   | Place    | Note
-------+----------+-------------------------------------------
     0 | D:1      | kae the Draconian Transmuter began the quest for the Orb.
     0 | D:1      | Reached XP level 1. HP: 16/16 MP: 3/3
   329 | D:1      | Reached XP level 2. HP: 23/23 MP: 5/5
   932 | D:2      | Found a faded altar of an unknown god.
   938 | D:2      | Learned a level 2 spell: Wereblood
  1016 | D:2      | Reached skill level 4 in Unarmed Combat
  1016 | D:2      | Reached XP level 3. HP: 18/28 MP: 6/6
  1347 | D:2      | Found a radiant altar of Vehumet.
  1554 | D:2      | Reached XP level 4. HP: 35/35 MP: 5/7
  1641 | D:2      | Noticed Sigmund
  1658 | D:2      | Learned a level 3 spell: Spider Form
  1855 | D:2      | Killed Sigmund
  1855 | D:2      | Reached skill level 5 in Unarmed Combat
  1855 | D:2      | Reached XP level 5. HP: 28/40 MP: 1/8
  2438 | D:3      | Found a blossoming altar of Fedhas.
  2815 | D:4      | Reached XP level 6. HP: 32/47 MP: 5/9
  2820 | D:4      | Reached skill level 6 in Unarmed Combat
  3140 | D:4      | Identified the amulet "Cugar" {Reflect rF- MR+++ Dex+2 SH+5
                  | Stlth+}
  3214 | D:4      | Found a stormy altar of Qazlal.
  3531 | D:5      | Entered Level 5 of the Dungeon
  3553 | D:5      | Your scales start taking on a rich purple colour.
  3553 | D:5      | Reached XP level 7. HP: 52/52 MP: 8/10
  3567 | D:5      | Reached skill level 7 in Unarmed Combat
  3897 | D:5      | Found an opulent altar of Gozag.
  3970 | D:5      | Reached skill level 5 in Transmutations
  4698 | D:6      | Reached skill level 8 in Unarmed Combat
  4716 | D:5      | Mangled by an ogre

Illustrated notes

Levels and vault maps discovered:
D:1:      psy_arrival_basics, layout_loops_cross, chequers_arboretum
D:2:      layout_loops_ring, fiery_altar_vehumet,
          chequers_ecumenical_altar_simple, uniq_sigmund
D:3:      minmay_diamond_boxcup, layout_rooms, fedhas_altar_1
D:4:      layout_basic, nicolae_qazlal_eye_of_the_storm, bh_walls_and_bars
D:5:      layout_gridville, nicolae_gozag_seed_capital, grunt_tough_drop
D:6:      layout_rooms, kennysheep_mini_moat, serial_shops,
          nicolae_shop_waterfront, uniq_edmund, uniq_pikel, uniq_prince_ribbit1

Skill      XL: |  1  2  3  4  5  6  7 |
---------------+----------------------+-----
Unarmed Combat | 4 5 6 8 |  8.0
Transmutations | 3 4 5 |  5.4
Fighting       | |  1.1
Dodging        | |  1.7
Spellcasting   | |  2.4

Action                   |  1- 3 |  4- 6 |  7- 9 || total
-------------------------+-------+-------+-------++-------
Melee: Unarmed           |   108 |    63 |       ||   171
       Kick              |    16 |     5 |     7 ||    28
       Headbutt          |     7 |     6 |     8 ||    21
       Tailslap          |     8 |     7 |     9 ||    24
       Trident           |       |    47 |    68 ||   115
       Punch             |       |     1 |     2 ||     3
 Cast: Beastly Appendage |    18 |    11 |     8 ||    37
       Spider Form       |       |     2 |       ||     2
 Abil: Breathe Dispellin |       |       |     2 ||     2
  Use: Scroll            |     5 |     3 |     1 ||     9
 Stab: Sleeping          |     2 |     1 |     2 ||     5
Armor: Skin              |    21 |    10 |    23 ||    54
Dodge: Dodged            |    87 |    79 |    67 ||   233
Block: Other             |       |       |    22 ||    22

Table legend: (Time is in decaauts)
 A = Elapsed time spent in this place.
 B = Non-inter-level travel time spent in this place.
 C = Inter-level travel time spent in this place.
 D = Time resting spent in this place.
 E = Time spent auto-exploring this place.
 F = Levels seen in this place.
 G = Mean time per level.
                   A        B        C        D        E       F      G
               +--------+--------+--------+--------+--------+-----+--------+
         Total |   4733 |   4583 |    150 |      7 |   3896 |   6 |  788.8 |
       Dungeon |   4733 |   4583 |    150 |      7 |   3896 |   6 |  788.8 |
               +--------+--------+--------+--------+--------+-----+--------+

Top non-repeatable levels by time:
     D:2: 1311 daAuts
     D:5: 1198 daAuts
     D:4: 845 daAuts
     D:1: 831 daAuts
     D:3: 537 daAuts
     D:6: 8 daAuts
